 Dungeon Crawl Stone Soup version 0.31.0-9-g3a7656b989 (webtiles) character file.

Game seed: 15672761395331189345

49 qw the Shooter (level 3, -1/20 HPs)
             Began as a Deep Elf Hunter on Feb 2, 2024.
             Slain by a gnoll
             ... wielding a +0 whip
              (4 damage)
             ... on level 2 of the Dungeon.
             The game lasted 00:00:04 (840 turns).

qw the Shooter (Deep Elf Hunter)                     Turns: 840, Time: 00:00:05

Health: -1/20      AC:  6    Str: 10    XL:     3   Next: 53%
Magic:  5/5        EV: 11    Int: 13    God:
Gold:   32         SH:  0    Dex: 18    Spells: 2/2 levels left

rFire   . . .        a - +1 shortbow
rCold   . . .        (shield currently unavailable)
rNeg    . . .        f - +0 ring mail
rPois   .            g - +0 helmet
rElec   .            (no cloak)
rCorr   .            (no gloves)
SInv    .            (no boots)
Will    .....        (no amulet)
Stlth   +            (no ring)
HPRegen 0.23/turn    (no ring)
MPRegen 0.09/turn

%: no passive effects
@: no status effects
A: no striking features
a: no special abilities


You were on level 2 of the Dungeon.
You visited 1 branch of the dungeon, and saw 2 of its levels.

You collected 53 gold pieces.
You spent 21 gold pieces at shops.


   Skills:
 - Level 1.5 Fighting
 + Level 7.1 Ranged Weapons
 - Level 2.4 Dodging
 - Level 1.2 Stealth


You had 2 spell levels left.
You didn't know any spells.
Your spell library was empty.

Inventory:

Hand Weapons
 a - a +1 shortbow (weapon)
Armour
 f - a +0 ring mail (worn)
 g - a +0 helmet (worn)
Scrolls
 b - a scroll of teleportation {unknown}
 d - a scroll of identify {unknown}
Potions
 c - a potion of curing {unknown}
 i - a potion of might {unknown}

Dungeon Overview and Level Annotations

Branches:
Dungeon (2/15)

Altars:

Shops:
D:1 ((*([


Message History

833 ||| RETREEEEATING.
The ribbon worm expels a string of sticky webbing.
The stream of webbing hits you but does no damage.
You are caught in a web!
The gnoll attacks as it pursues you! The gnoll hits you but does no damage.
There is a web here.
The web tears apart.
The gnoll barely misses you.
The ribbon worm expels a string of sticky webbing.
The stream of webbing hits you but does no damage.
You are caught in a web!
The gnoll hits you but does no damage.
The web tears apart.
The gnoll hits you but does no damage. The gnoll barely misses you.
The gnoll closely misses you.
Enter note:
Enter note:
Enter note:
Enter note:
836 ||| RETREEEEATING.
The ribbon worm expels a string of sticky webbing.
The stream of webbing hits you but does no damage.
You are caught in a web!
There is a web here.
You struggle to detach yourself from the web.
The gnoll hits you from afar with a +0 spear.
The gnoll hits you with a +0 whip.
You struggle to detach yourself from the web.
The gnoll hits you from afar with a +0 spear.
The gnoll hits you with a +0 whip.
The web tears apart.
The gnoll hits you with a +0 heavy flail.
The gnoll closely misses you. The gnoll hits you but does no damage.
Enter note:
Enter note:
Enter note:
Enter note:
840 ||| RETREEEEATING.
The gnoll barely misses you. The gnoll attacks as it pursues you!
The gnoll hits you with a +0 whip.
You die...

# ...#...#.#. .
.$........
#.#.............. ...+
#.#.#...# ...... .#..#
#......###.... ......
#............ #.....
#...gw.#.... #.....
#...gg.#.#.# #.....
#...#@##.#.######.....
#...#...........#.....
##.#####.#.######.....
#. #.#.######..... #.
#.#..........## ..
#.#.########## # #.#>#
#.#.# #.#.#


You could see a ribbon worm and 3 gnolls.

Vanquished Creatures
  A ribbon worm (D:2)
  3 dart slugs (D:1)
  6 bats
  3 endoplasms
  A giant cockroach (D:1)
  2 goblins
  6 hobgoblins
  2 jackals (D:1)
  A quokka (D:2)
  4 ball pythons
  2 frilled lizards
  A kobold (D:1)
  6 rats
38 creatures vanquished.

Notes
Turn   | Place    | Note
-------+----------+-------------------------------------------
     0 | D:1      | qw the Deep Elf Hunter began the quest for the Orb.
     0 | D:1      | Reached XP level 1. HP: 12/12 MP: 3/3
     0 | D:1      | 0 ||| qw: Version: 0.3-a-155-g5e7d8dd
     0 | D:1      | 0 ||| qw: Game counter: 1325
     0 | D:1      | 0 ||| qw: Melee chars always use a shield: true
     0 | D:1      | 0 ||| qw: God list: Okawaru
     0 | D:1      | 0 ||| qw: Allow faded altars: false
     0 | D:1      | 0 ||| qw: Do Orc after clearing Dungeon:15 true
     0 | D:1      | 0 ||| qw: Do second Lair branch before Depths: true
     0 | D:1      | 0 ||| qw: Lair rune preference: random
     0 | D:1      | 0 ||| qw: Goals: Normal
     0 | D:1      | 0 ||| PLANNING D:1-11
   102 | D:1      | Found Hentim Muat's Assorted Antiques.
   109 | D:1      | Reached skill level 6 in Ranged Weapons
   109 | D:1      | Reached XP level 2. HP: 16/16 MP: 4/4
   111 | D:1      | Found Pashros's Antique Weapon Shoppe.
   129 | D:1      | 129 ||| SHOPLISTING runed shortbow (162 gold, have 25).
   135 | D:1      | 135 ||| BUYING scroll labelled ICWEPS YWEAMM (21 gold).
   135 | D:1      | Bought a scroll labelled ICWEPS YWEAMM for 21 gold pieces
   135 | D:1      | 135 ||| SHOPLISTING scroll labelled ICWEPS YWEAMM (21 gold,
                  | have 4).
   135 | D:1      | 135 ||| SHOPLISTING scroll labelled IJOLID WUEDGH (21 gold,
                  | have 4).
   135 | D:1      | 135 ||| SHOPLISTING scroll labelled LECAAP HOASM (21 gold,
                  | have 4).
   135 | D:1      | 135 ||| SHOPLISTING scroll labelled NUOTUIDGHYR (21 gold,
                  | have 4).
   188 | D:1      | Found Wuum's Antique Weapon Shoppe.
   197 | D:1      | 197 ||| SHOPLISTING runed shortbow (150 gold, have 4).
   265 | D:1      | Found Viubuig's Weapon Emporium.
   268 | D:1      | 268 ||| SHOPLISTING +2 shortbow of Makhleb's Scorn {drain,
                  | ^Contam rF+ MP+9 Int+2} (609 gold, have 19).
   268 | D:1      | 268 ||| SHOPLISTING +3 orcbow of freezing (302 gold, have
                  | 19).
   310 | D:1      | Found a faded altar of an unknown god.
   311 | D:1      | Found Efenim's Antique Armour Boutique.
   317 | D:1      | 317 ||| SHOPLISTING pair of boots (85 gold, have 19).
   317 | D:1      | 317 ||| SHOPLISTING shimmering leather armour (133 gold,
                  | have 19).
   389 | D:1      | Reached XP level 3. HP: 20/20 MP: 5/5
   605 | D:1      | 605 ||| UPGRADING to +0 ring mail.
   615 | D:1      | 615 ||| DROPPING +0 leather armour.
   616 | D:1      | 616 ||| UPGRADING to +0 helmet.
   621 | D:1      | 621 ||| READING scroll labelled IVVORGH CIFYX.
   622 | D:1      | 622 ||| READING scroll labelled ZIGAJODOWE.
   622 | D:1      | 622 ||| ENCHANTING +0 shortbow.
   623 | D:1      | 623 ||| READING scroll labelled ICWEPS YWEAMM.
   624 | D:1      | 624 ||| DROPPING scroll of butterflies.
   742 | D:2      | Reached skill level 7 in Ranged Weapons
   833 | D:2      | 833 ||| RETREEEEATING.
   836 | D:2      | 836 ||| RETREEEEATING.
   839 | D:2      | HP: 3/20 [gnoll/+0 heavy flail (6)]
   840 | D:2      | 840 ||| RETREEEEATING.
   840 | D:2      | Slain by a gnoll

Levels and vault maps discovered:
D:1:      evilmike_arrival_hilbert_curve, layout_basic,
          ebering_ecumenical_altar_rust, serial_shops,
          nicolae_shop_window_shopping, nicolae_shop_hallway_stairs, shop,
          nicolae_shop_trees, shop
D:2:      layout_basic, minmay_tetromino_i2

Skill      XL: |  1  2  3 |
---------------+----------+-----
Ranged Weapons | 6 7 |  7.1
Fighting       | |  1.5
Dodging        | |  2.4
Stealth        | |  1.2

Action                     || total
---------------------------++-------
   Fire: Shortbow          ||    79
    Use: Scroll            ||     3
 Armour: Leather armour    ||     4
         Ring mail         ||    13
  Dodge: Dodged            ||     9

Table legend:
 A = Non-vault XP
 B = Vault XP
 C = Vault XP percentage of total XP
 D = Non-vault monster count
 E = Vault monster count
 F = Vault count percentage of total count
                 A         B        C        D         E       F
            +---------+---------+-------+---------+---------+-------
      Total |      71 |       0 |   0.0 |      38 |       0 |   0.0
            +---------+---------+-------+---------+---------+-------
        D:1 |      49 |       0 |   0.0 |      26 |       0 |   0.0
        D:2 |      22 |       0 |   0.0 |      12 |       0 |   0.0
            +---------+---------+-------+---------+---------+-------
